Map: Rivages bleus EC

Players

TRUTH

  • Race: Zerg Zerg
  • League: Master
  • Spawn Location: 1:00

llllllllllll - Winner!

  • Race: Protoss Protoss
  • League: Master
  • Spawn Location: 7:00

VOD

Have the link to the VOD?

Description

Time

  • Played on: Dec. 7, 2018, 2:23 p.m.
  • Length: 12:05
Show
View Real Time Build Order
Export as new Build Order

TRUTH Zerg 

Build Orders: Pool First 

Get SALT Encoding   

  12  0:01  Drone  
  13  0:13  Overlord  
  13  0:17  Drone  
  14  0:32  Drone x2  
  16  0:52  Drone x2  
  16  0:53  Spawning Pool  
  17  1:14  Drone x2  
  17  1:16  Extractor  
  18  1:25  Hatchery  
  17  1:29  Drone  
  18  1:33  Drone  
  19  1:42  Queen  
  19  1:44  Overlord  
  21  1:55  Drone  
  22  2:18  Hatchery  
  21  2:24  Queen  
  21  2:25  Metabolic Boost  
  23  2:33  Zergling x4  
  23  2:34  Zergling x2  
  27  2:37  Drone  
  27  2:43  Drone  
  28  2:49  Drone  
  29  2:52  Queen  
  29  2:54  Drone  
  33  3:05  Drone x2  
  33  3:06  Drone  
  33  3:07  Overlord  
  33  3:10  Drone  
  36  3:27  Lair  
  36  3:31  Drone  
  36  3:32  Drone x5  
  42  3:37  Spore Crawler  
  42  3:41  Spore Crawler  
  40  3:43  Drone  
  40  3:48  Queen  
  43  3:51  Drone  
  44  3:55  Drone  
  44  3:56  Drone  
  44  4:00  Drone x2  
  48  4:04  Extractor  
  48  4:07  Baneling Nest, Drone x2  
  48  4:11  Spore Crawler  
  47  4:17  Drone x3  
  50  4:24  Overlord x2  
  50  4:32  Overlord x2  
  50  4:48  Hydralisk Den  
  50  4:51  Drone  
  50  4:52  Drone x9  
  59  4:53  Baneling Nest  
  58  5:00  Drone x2  
  58  5:01  Drone  
  60  5:15  Drone  
  60  5:16  Drone x8  
  60  5:17  Overlord x2  
  69  5:21  Muscular Augments  
  69  5:38  Extractor x2  
  69  5:41  Drone x2  
  69  5:42  Drone x4  
  73  5:44  Drone x2  
  73  5:45  Extractor, Drone x4  
  73  5:46  Drone  
  79  5:53  Centrifical Hooks  
  79  5:55  Overlord x3  
  79  5:56  Overseer  
  79  6:06  Hydralisk  
  79  6:09  Queen  
  80  6:16  Hydralisk  
  81  6:18  Hydralisk  
  81  6:20  Zergling x12  
  88  6:33  Overlord x4, Grooved Spines  
  77  7:06  Extractor  
  76  7:09  Hydralisk  
  76  7:10  Hydralisk x4  
  76  7:12  Zergling x2  
  76  7:13  Drone x3  
  76  7:14  Zergling x4, Drone  
  93  7:26  Drone x3  
  96  7:37  Hydralisk  
  96  7:38  Hydralisk x6  
  96  7:40  Evolution Chamber  
  109  7:45  Hatchery  
  109  7:50  Zergling x10  
  113  7:53  Baneling x9  
  113  7:55  Baneling  
  113  8:07  Overlord x4  
  113  8:10  Overlord x3  
  113  8:22  Baneling  
  113  8:23  Baneling x10  
  113  8:25  Queen  
  115  8:27  Zergling x2  
  115  8:30  Zergling x2  
  115  8:31  Zergling x20  
  126  8:43  Zerg Missile Weapons Level 1  
  126  8:44  Hydralisk x5  
  136  8:50  Hydralisk  
  138  9:00  Queen  
  133  9:09  Hydralisk x9  
  116  9:11  Queen  
  134  9:19  Hydralisk x2  
  134  9:20  Hydralisk x2  
  142  9:30  Hydralisk x3  
  142  9:31  Hydralisk  
  148  9:37  Zergling x2  
  148  9:38  Zergling x12  
  157  9:45  Infestation Pit  
  156  9:47  Queen  
  151  10:03  Hydralisk x3  
  151  10:04  Zergling x2  
  151  10:05  Hydralisk, Zergling x18  
  161  10:11  Zergling x4  
  163  10:21  Hive  
  163  10:23  Queen  
  163  10:24  Pathogen Glands  
  163  10:27  Evolution Chamber  
  164  10:28  Hydralisk x2  
  164  10:29  Hydralisk x2  
  164  10:32  Baneling  
  164  10:33  Baneling x4  
  172  10:45  Baneling x11  
  172  10:46  Baneling  
  163  11:04  Hydralisk x5  
  139  11:07  Hydralisk  
  139  11:10  Zergling x4  
  126  11:11  Hydralisk  
  126  11:14  Hydralisk  
  107  11:19  Hydralisk  
  107  11:20  Hydralisk  
  107  11:22  Zergling x16  
  113  11:29  Zergling x8  
  113  11:31  Hydralisk  
  103  11:37  Hydralisk x2  
  104  11:40  Zergling x2  
Show
View Real Time Build Order
Export as new Build Order

llllllllllll Protoss - Winner!

Build Orders: 1 Gate Expand, Oracle Opening, Archon Immortal, Archon Drop 

Get SALT Encoding   

  12  0:01  Probe  
  13  0:13  Probe  
  14  0:19  Pylon  
  14  0:21  Probe  
  15  0:33  Probe  
  15  0:38  Gateway  
  16  0:45  Probe  
  16  0:48  Assimilator  
  17  0:56  Probe  
  17  1:04  Probe  
  19  1:12  Probe  
  20  1:27  Nexus  
  20  1:38  Cybernetics Core  
  20  1:39  Probe  
  21  1:51  Gateway  
  21  1:53  Probe  
  22  1:58  Pylon  
  22  2:03  Assimilator  
  22  2:06  Probe  
  22  2:07  Adept  
  23  2:17  Warp Gate  
  23  2:19  Probe  
  26  2:34  Adept  
  28  2:37  Probe  
  28  2:39  Probe  
  30  2:45  Probe  
  31  2:51  Stargate, Probe  
  31  2:53  Probe  
  33  3:03  Probe  
  33  3:04  Probe  
  35  3:15  Probe  
  35  3:16  Probe  
  37  3:20  Assimilator  
  37  3:23  Probe  
  37  3:27  Assimilator  
  37  3:28  Probe  
  37  3:30  Oracle  
  37  3:31  Probe  
  37  3:33  Pylon  
  39  3:40  Pylon, Probe  
  44  3:42  Probe  
  45  3:54  Probe  
  46  3:58  Robotics Facility  
  46  3:59  Probe  
  47  4:05  Phoenix  
  47  4:06  Probe  
  47  4:07  Twilight Council  
  50  4:11  Probe  
  51  4:19  Probe  
  51  4:20  Gateway  
  51  4:23  Gateway  
  52  4:24  Probe  
  52  4:31  Probe  
  54  4:36  Probe  
  55  4:39  Warp Prism  
  55  4:40  Pylon  
  55  4:43  Probe  
  56  4:46  Templar Archives  
  56  4:49  Probe  
  59  4:54  Adept  
  61  5:08  Nexus, Probe x2  
  62  5:15  Pylon  
  62  5:20  Probe  
  63  5:22  Probe  
  63  5:25  Charge, Pylon  
  64  5:32  Probe  
  64  5:35  Immortal  
  65  5:38  High Templar x2  
  65  5:39  High Templar x2  
  65  5:42  Archon  
  73  5:43  Archon  
  73  5:44  Pylon, Probe  
  78  5:50  Forge  
  78  5:53  Probe  
  78  5:56  Probe  
  80  6:01  Pylon  
  80  6:05  Probe  
  80  6:08  Probe  
  82  6:17  Probe  
  83  6:22  Probe  
  84  6:29  Protoss Ground Weapons Level 1, Probe  
  85  6:34  Probe  
  86  6:42  Probe  
  86  6:44  Psionic Storm  
  86  6:46  Immortal, Probe  
  88  6:50  Zealot x3  
  88  6:52  Probe  
  88  6:53  Assimilator  
  88  6:54  Probe  
  94  6:57  Assimilator  
  94  6:58  Probe  
  99  7:02  Zealot  
  99  7:04  Probe  
  99  7:06  Probe  
  103  7:10  Probe  
  103  7:13  Gateway  
  103  7:14  High Templar x2  
  103  7:15  High Templar, Warp Prism, Gateway  
  108  7:16  Probe  
  108  7:20  Shield Battery  
  108  7:21  Pylon  
  111  7:23  Pylon  
  111  7:27  Robotics Facility  
  113  7:30  High Templar  
  115  7:38  Pylon  
  115  7:41  Shield Battery  
  115  7:45  Photon Cannon  
  115  7:46  Gateway  
  115  7:48  Photon Cannon  
  115  7:52  High Templar x2, Zealot  
  115  7:56  Immortal  
  125  8:00  Archon  
  125  8:04  Immortal  
  125  8:05  Pylon  
  125  8:08  Pylon  
  125  8:10  Gateway  
  125  8:11  Pylon  
  125  8:15  Zealot x2  
  125  8:16  Zealot x2  
  125  8:19  Protoss Ground Weapons Level 2  
  137  8:24  Pylon  
  137  8:25  Pylon  
  137  8:26  High Templar x2  
  141  8:31  Archon  
  141  8:35  Observer  
  141  8:37  Zealot, High Templar x2, Pylon  
  141  8:38  Zealot  
  141  8:39  Pylon  
  150  8:46  Zealot  
  152  8:50  Immortal  
  150  9:06  Nexus  
  136  9:11  High Templar x2, Zealot x2  
  136  9:12  Zealot x4  
  136  9:17  Archon  
  152  9:19  Immortal  
  152  9:21  Pylon  
  156  9:25  Pylon  
  156  9:26  Immortal  
  160  9:39  High Templar  
  160  9:40  High Templar  
  160  9:41  Zealot x3  
  160  9:42  Zealot  
  160  9:44  Archon  
  160  9:45  Zealot  
  174  9:51  Zealot  
  176  9:55  Gateway  
  176  9:57  Gateway  
  168  10:02  Zealot x4  
  176  10:12  Observer  
  176  10:15  Assimilator  
  176  10:17  Observer  
  176  10:18  High Templar x2  
  176  10:19  Zealot x2  
  176  10:20  Assimilator  
  186  10:22  Archon  
  186  10:25  Zealot x4  
  194  10:39  Photon Cannon  
  194  10:41  Photon Cannon  
  194  10:43  Photon Cannon  
  194  10:44  Zealot, Pylon  
  194  10:45  Zealot  
  149  11:09  Zealot x2  
  149  11:10  Zealot x5  
  149  11:11  Zealot x2  
  137  11:21  Zealot  
  137  11:22  Archon x2  
  139  11:30  High Templar x2  
  139  11:31  High Templar x4  
  139  11:32  High Templar x2  
  155  11:33  Zealot  
  155  11:34  Archon  
  155  11:35  Archon x2  
  155  11:36  Archon  
  157  11:43  Stargate  
  157  11:46  Pylon  
  157  11:48  Pylon  
  151  11:59  Zealot x2  
Tags
 
Add a new tag
Caveats
  • Supply blocks, unpowered buildings, or Contaminate may cause inaccurate times.
  • Supply counts are checked every 10 seconds.